 Dungeon Crawl Stone Soup version 0.28.0 (webtiles) character file.

Game seed: 17180870797759726707

717 Dorkslayer the Conjurer (level 7, -1/45 HPs)
             Began as an Octopode Conjurer on Aug 20, 2022.
             Was an Initiate of Vehumet.
             Slain by a hound (5 damage)
             ... on level 5 of the Dungeon.
             The game lasted 00:15:46 (4821 turns).

Dorkslayer the Conjurer (Octopode Conjurer)         Turns: 4821, Time: 00:15:46

Health: -1/45      AC:  1    Str:  8    XL:     7   Next: 70%
Magic:  2/14       EV: 13    Int: 26    God:    Vehumet [......]
Gold:   93         SH:  0    Dex: 11    Spells: 4/15 levels left

rFire   . . .      SeeInvis .   i - +0 long sword
rCold   . . .      Faith    .   (no shield)
rNeg    . . .      Spirit   .   (helmet restricted)
rPois   +          Reflect  .   (no amulet)
rElec   .          Harm     .   a - ring of poison resistance
rCorr   .          Rampage  .   d - +6 ring of intelligence
Will    .....                   k - ring of flight
Stlth   +++.......              (no ring)
HPRegen 0.15/turn               (no ring)
MPRegen 0.14/turn               (no ring)
                                (no ring)
                                (no ring)

@: about to teleport, flying, very slightly contaminated
A: almost no armour, amphibious, 8 rings, camouflage 1, gelatinous body 1,
(nimble swimmer 1), tentacles
a: Renounce Religion


You were on level 5 of the Dungeon.
You worshipped Vehumet.
Vehumet was noncommittal.
You visited 1 branch of the dungeon, and saw 5 of its levels.

You collected 93 gold pieces.

Inventory:

Hand Weapons
 i - a +0 long sword (weapon)
 m - a +0 shortbow
Missiles
 j - 8 poisoned darts
 p - 3 boomerangs (quivered)
 q - 8 arrows
Jewellery
 a - a ring of poison resistance (left tentacle)
 d - a +6 ring of intelligence (right tentacle)
 k - a ring of flight (on tentacle)
Wands
 f - a wand of flame (27)
 r - a wand of paralysis (13)
Scrolls
 h - a scroll of vulnerability
 l - a scroll of magic mapping {unknown}
Potions
 b - 2 potions of ambrosia {unknown}
 c - a potion of magic {unknown}
 g - 2 potions of heal wounds {unknown}
 n - a potion of flight {unknown}


   Skills:
 * Level 2.3 Fighting
 + Level 0.3 Short Blades
 + Level 0.8 Throwing
 * Level 3.1 Dodging
 + Level 4.2 Stealth
 * Level 2.8 Unarmed Combat
 * Level 4.6 Spellcasting
 + Level 5.4 Conjurations
 * Level 0.8 Evocations


You had 4 spell levels left.
You knew the following spells:

 Your Spells              Type           Power      Damage    Failure   Level
a - Magic Dart            Conj           100%       1d8       1%          1
b - Searing Ray           Conj           68%        2d6       1%          2
c - Iskenderun's Mystic   Conj/Tloc      20%        2d6       26%         4
d - Fulminant Prism       Conj/Hex       10%        3d9       26%         4

Your spell library contained the following spells:

 Spells                   Type           Power      Damage    Failure   Level
 Dazzling Flash           Conj/Hex       40%        N/A       8%          3


Dungeon Overview and Level Annotations

Branches:
Dungeon (5/15)
 Temple: D:4-7

Altars:
Cheibriados
Dithmenos
Gozag
Okawaru
Ru
Vehumet

Annotations:
D:4 2 transporters, Jonnyslop's ghost, novice GrFi
D:5 1 runed translucent door, Estrea's ghost, novice MiGl


Innate Abilities, Weirdness & Mutations

You cannot wear most types of armour.
You are amphibious.
You can wear up to eight rings at the same time.
Your skin changes colour to match your surroundings (Stealth+).
Your rubbery body absorbs attacks. (AC +1, EV +1)
((You are camouflaged when in or above water. (Stealth+)))
You have tentacles for arms and can constrict up to eight enemies at once.


Message History

The adder poisons you! The hound closely misses you. The adder bites you.
* * * LOW HITPOINT WARNING * * *
You feel better. The hound bites you. The adder bites you.
* * * LOW HITPOINT WARNING * * *
The hound bites you.
* * * LOW HITPOINT WARNING * * *
The adder misses you.
You see here 15 gold pieces.
The hound bites you.
* * * LOW HITPOINT WARNING * * *
Casting: Iskenderun's Mystic Blast (quite dangerous; 26% risk of failure)
Confirm with . or Enter, or press ? or * to list all spells.
The spell is quite dangerous to miscast (26% risk of failure)!
Continue anyway?
You miscast Iskenderun's Mystic Blast.
You are very lightly contaminated with residual magic.
Nothing appears to happen.
The hound barely misses you.
Casting: Iskenderun's Mystic Blast (quite dangerous; 26% risk of failure)
Confirm with . or Enter, or press ? or * to list all spells.
Okay, then.
Okay, then.
Okay, then.
Casting: Iskenderun's Mystic Blast (quite dangerous; 26% risk of failure)
Confirm with . or Enter, or press ? or * to list all spells.
The spell is quite dangerous to miscast (26% risk of failure)!
Continue anyway?
You erupt in a blast of force!
The mystic blast hits the adder!
You kill the adder!
Vehumet accepts your kill.
The mystic blast hits the ogre.
The ogre is moderately wounded.
The ogre is knocked back by the mystic blast.
The mystic blast hits the hound.
The hound is lightly wounded.
The hound is knocked back by the mystic blast.
The hound slams into the rock wall!
The hound is moderately wounded.
You hear a shout!
As you read the scroll of teleportation, it crumbles to dust.
You feel strangely unstable. The hound completely misses you.
The hound bites you.
You die...

..###...###..............
......⌠...+.....#.##....
..##.....##.......#.....
...##...##..........#
....##.##...##.....##
.....#.#....##....####
....))...............#
...##..).......#Oh†#.#.#
..###........#..@#:....#
..# #..###.......#S..#..#
..# #..# #.##...###......
.## #... ....... ....#.#
## #.........#. .#.... #
#.....#.###. .###..#
#.....#. #. .# ...
#.....# .. .. ..


You could see an ogre and a hound.

Vanquished Creatures
  An ogre (D:4)
  2 scorpions
  A water moccasin zombie (D:3)
  A centaur zombie (D:4)
  4 hounds
  An orc priest (D:5)
  Jessica (D:3)
  An orc wizard (D:4)
  An iguana (D:5)
  3 gnolls (D:4)
  7 adders
  A shadow imp (D:4)
  A white imp (D:5)
  A dart slug (D:3)
  13 orcs
  8 ball pythons
  5 bats
  7 endoplasms
  3 giant cockroaches
  8 hobgoblins
  3 kobolds
  4 quokkas
  5 frilled lizards
  2 goblins
  A quokka skeleton (D:4)
  4 rats
89 creatures vanquished.

Vanquished Creatures (others)
  6 plants (D:4)
6 creatures vanquished.

Grand Total: 95 creatures vanquished

Notes
Turn   | Place    | Note
-------+----------+-------------------------------------------
     0 | D:1      | Dorkslayer the Octopode Conjurer began the quest for the
                  | Orb.
     0 | D:1      | Reached XP level 1. HP: 11/11 MP: 3/3
   336 | D:1      | Reached XP level 2. HP: 17/17 MP: 3/5
   839 | D:1      | Learned a level 2 spell: Searing Ray
   871 | D:1      | Found a faded altar of an unknown god.
  1051 | D:2      | Reached XP level 3. HP: 22/22 MP: 2/6
  1220 | D:2      | Reached skill level 1 in Unarmed Combat
  1703 | D:2      | Found an iron altar of Okawaru.
  2045 | D:3      | Reached skill level 1 in Fighting
  2205 | D:3      | Reached XP level 4. HP: 28/28 MP: 5/7
  2210 | D:3      | Learned a level 4 spell: Iskenderun's Mystic Blast
  2347 | D:3      | Noticed Jessica
  2352 | D:3      | Killed Jessica
  2450 | D:3      | Found a sacrificial altar of Ru.
  2697 | D:3      | Found an opulent altar of Gozag.
  2805 | D:3      | Reached XP level 5. HP: 23/33 MP: 1/9
  3139 | D:4      | Noticed an ogre
  3161 | D:4      | Killed an ogre
  3162 | D:4      | Reached XP level 6. HP: 39/39 MP: 1/10
  3252 | D:4      | Found a transporter.
  3252 | D:4      | Noticed Jonnyslop's ghost (novice GrFi)
  3289 | D:4      | Found a transporter.
  3410 | D:4      | Found a snail-covered altar of Cheibriados.
  3424 | D:4      | Reached skill level 5 in Conjurations
  3637 | D:4      | Found a radiant altar of Vehumet.
  3697 | D:4      | Reached XP level 7. HP: 34/45 MP: 2/12
  3874 | D:4      | Became a worshipper of Vehumet
  4193 | D:4      | Learned a level 4 spell: Fulminant Prism
  4251 | D:5      | Entered Level 5 of the Dungeon
  4287 | D:5      | Found a runed translucent door.
  4287 | D:5      | Noticed Estrea's ghost (novice MiGl)
  4466 | D:5      | Found a shadowy altar of Dithmenos.
  4821 | D:5      | Slain by a hound

Illustrated notes

Levels and vault maps discovered:
D:1:      scummos_arrival_simple_fountains, layout_basic,
          shapermc_ecumenical_altar_pompeii, chequers_mini_garden
D:2:      layout_basic, basic_altar
D:3:      layout_loops_ring, nicolae_ru_awakened_eye, grunt_gozag_statues,
          uniq_jessica
D:4:      layout_basic, general_overflow_altar, vehumet_altar_wand_db,
          gammafunk_ghost_gnarly_gnolls, serial_rivers,
          chequers_serial_rivers_room_a, chequers_serial_rivers_marsh,
          chequers_serial_rivers_small_a, chequers_serial_rivers_small_3,
          chequers_serial_rivers_large_b
D:5:      layout_rooms, mainiacjoe_overflow_catwalk,
          nicolae_dithmenos_through_a_glass_darkly, minmay_temple_entry_tees,
          hellmonk_ghost_happy_afterlife, grunt_ministairs_15, minmay_between

Skill      XL: |  1  2  3  4  5  6  7 |
---------------+----------------------+-----
Unarmed Combat | 1 2 |  2.8
Fighting       | 1 2 |  2.3
Stealth        | 3 4 |  4.2
Spellcasting   | 3 4 |  4.6
Conjurations   | 5 |  5.4
Dodging        | 3 |  3.1
Short Blades   | |  0.3
Throwing       | |  0.8
Evocations     | |  0.8

Action                   |  1- 3 |  4- 6 |  7- 9 || total
-------------------------+-------+-------+-------++-------
Melee: Tentacles         |     5 |     1 |     3 ||     9
       Unarmed           |     4 |       |       ||     4
       Short sword       |     8 |     4 |       ||    12
       Constrict         |     2 |     3 |     6 ||    11
       Punch             |       |     3 |     3 ||     6
       Falchion          |       |     5 |       ||     5
       Long sword        |       |       |    21 ||    21
Throw: Boomerang         |       |    14 |    18 ||    32
 Cast: Magic Dart        |    56 |    42 |    22 ||   120
       Searing Ray       |     1 |    10 |     4 ||    15
       Iskenderun's Myst |       |       |     4 ||     4
  Use: Scroll            |       |       |     5 ||     5
       Potion            |       |       |     3 ||     3
 Stab: Sleeping          |     2 |       |       ||     2
Armor: Skin              |     1 |       |     1 ||     2
Dodge: Dodged            |     4 |    22 |    21 ||    47
